 Seeded DCSS version 0.30.0-19-g36f170ea60 (webtiles) character file.

Game seed: 6351066067085065685 (custom seed)

7 Esekla the Grave Robber (level 1, 0/8 (10) HPs)
             Began as a Deep Elf Necromancer on May 29, 2023.
             Slain by a ball python (1 damage)
             ... on level 1 of the Dungeon.
             The game lasted 00:02:34 (219 turns).

Esekla the Grave Robber (Deep Elf Necromancer)       Turns: 219, Time: 00:02:34

HP:   0/8 (10)      AC:  2    Str:  5    XL:     1   Next: 83%
MP:   6/6           EV:  9    Int: 19    God:
Gold: 0             SH:  0    Dex: 15    Spells: 5/6 levels left

rFire   . . .        c - +1 dagger (drain)
rCold   . . .        (no shield)
rNeg    . . .        a - +0 robe
rPois   .            (no helmet)
rElec   .            (no cloak)
rCorr   .            (no gloves)
SInv    .            (no boots)
Will    .....        (no amulet)
Stlth   ++           (no ring)
HPRegen 0.21/turn    (no ring)
MPRegen 0.10/turn

%: no passive effects
@: constricted, heavily drained
A: no striking features
a: no special abilities


You were on level 1 of the Dungeon.
You visited 1 branch of the dungeon, and saw 1 of its levels.

Inventory:

Hand Weapons
 c - a +1 dagger of draining (weapon)
Armour
 a - a +0 robe (worn)
Scrolls
 e - a scroll of fear {unknown}
Potions
 b - a potion of magic
 d - a potion of ambrosia {unknown}


   Skills:
 * Level 2.6 Dodging
 + Level 2.4 Stealth
 * Level 3.3 Spellcasting
 + Level 5.0 Necromancy


You had 5 spell levels left.
You knew the following spells:

 Your Spells              Type           Power      Damage    Failure   Level
a - Necrotise             Necr           88%        1d8       1%          1

Your spell library contained the following spells:

 Spells                   Type           Power      Damage    Failure   Level
 Vampiric Draining        Necr           22%        2d7       5%          3
 Animate Dead             Necr           22%        N/A       19%         4
 Agony                    Necr           22%        N/A       45%         5


Dungeon Overview and Level Annotations

Branches:
Dungeon (1/15)

Altars:


Message History

A bat comes into view.
A ball python comes into view.
The bat moves out of view.
Your Necromancy skill increases to level 5!
An endoplasm comes into view.
You completely miss the ball python. The ball python misses you.
The ball python barely misses you.
The ball python hisses angrily.
You hit the ball python.
The ball python is heavily wounded.
The ball python misses you. The ball python grabs you.
The ball python constricts you.
You hit the ball python.
You kill the ball python!
The bat closely misses you.
You closely miss the bat. The bat hits you.
You barely miss the bat. The bat misses you.
You closely miss the bat. The bat hits you but does no damage. x3
The bat attacks as you move away! The bat closely misses you.
The bat barely misses you.
You closely miss the bat. The bat barely misses you. x2
The ball python attacks as you move away!
The ball python bites you. The ball python barely misses you. The bat hits you.
You miss the bat. The bat closely misses you. The bat barely misses you.
The bat hits you but does no damage.
You closely miss the bat. The bat misses you.
You closely miss the ball python. The bat barely misses you.
The ball python bites you. The ball python closely misses you.
The ball python bites you. The ball python barely misses you.
You hit the ball python.
The ball python is moderately wounded.
The bat hits you.
* * * LOW HITPOINT WARNING * * *
The ball python closely misses you. The ball python grabs you.
The ball python constricts you.
You barely miss the ball python.
The ball python is moderately wounded.
The bat hits you.
* * * LOW HITPOINT WARNING * * *
The bat completely misses you. The ball python bites you.
You die...

#.####..# #.# #.#
##.## #.#
#.#####..###.#
#.....##...#.#
###'######...#
#≈≈~≈≈#####..####
#≈~≈~≈#.........#
#~≈~≈~#.........#
#≈~≈~≈#b@.......#
####+###S####.####
#.......g# #.####
#...?.†### #....#
....##..########..#
....#............##
J......#.##########
.###......#
#.#....†#


You could see a goblin, a bat and a ball python.

Vanquished Creatures
  2 ball pythons (D:1)
  A goblin (D:1)
  A frilled lizard (D:1)
  2 kobolds (D:1)
6 creatures vanquished.

Notes
Turn   | Place    | Note
-------+----------+-------------------------------------------
     0 | D:1      | Esekla the Deep Elf Necromancer began the quest for the
                  | Orb.
     0 | D:1      | Reached XP level 1. HP: 10/10 MP: 6/6
   201 | D:1      | Reached skill level 5 in Necromancy
   219 | D:1      | Slain by a ball python

Illustrated notes

Levels and vault maps discovered:
D:1:      sevenhm_arrival_forest_fort_small_3, layout_rooms,
          chequers_serial_rivers_room_b, minmay_misc_feat_five

Skill      XL: |  1 |
---------------+----+-----
Necromancy     | 5 |  5.0
Dodging        | |  2.6
Stealth        | |  2.4
Spellcasting   | |  3.3

Action                     || total
---------------------------++-------
  Melee: Dagger            ||    13
         Unarmed           ||    12
         Short sword       ||     9
   Stab: Sleeping          ||     1
 Armour: Robe              ||     5
  Dodge: Dodged            ||    30
